 Dungeon Crawl Stone Soup version 0.25-a0-96-g4073cf80fb (webtiles) character file.

Game seed: 5046253574564717744, levelgen mode: deterministic

121536 vurker the Eclecticist (level 16, -1/127 HPs)
             Began as a Mummy Fire Elementalist on Nov 11, 2019.
             Was an Initiate of Gozag.
             Slain by a spark wasp (25 damage)
             ... on level 3 of the Lair of Beasts.
             The game lasted 01:26:31 (40611 turns).

vurker the Eclecticist (Mummy Fire Elementalist)   Turns: 40611, Time: 01:26:32

Health: -1/127     AC: 12    Str: 13    XL:     16   Next: 32%
Magic:  52/54      EV: 12    Int: 32    God:    Gozag
Gold:   3725       SH:  0    Dex: 14    Spells: 23/47 levels left

rFire    + + .     SeeInvis .   a - +6 long sword of Mekhlex {flame, +Rage MR++ Int+4}
rCold    + . .     Gourm    .   (no shield)
rNeg     + + +     Faith    .   s - +2 robe {MR+}
rPois    ∞         Spirit   .   n - +1 helmet "Jocaweg" {MP+9 Int+3}
rElec    .         Reflect  .   q - scarf {rC+ rF+}
rCorr    .         Harm     .   k - +2 pair of gloves
MR       +++++                  C - +2 pair of boots
Stlth    ++........             F - amulet of Agript {RegenMP rF+ Str+2}
HPRegen  0.31/turn              i - ring of fire
MPRegen  0.59/turn              g - ring of magical power

@: brilliant, gold aura, hasted, very quick
A: no food or potions, fire vulnerability, cold resistance 1, negative energy
resistance 3, torment resistance, unbreathing, in touch with death 1
a: Potion Petition, Call Merchant, Bribe Branch, Renounce Religion


You were on level 3 of the Lair of Beasts.
You worshipped Gozag.
Gozag was most pleased with you.
You were not hungry.

You visited 5 branches of the dungeon, and saw 25 of its levels.
You also visited: Ossuary and Bailey.

You collected 9632 gold pieces.
You spent 2457 gold pieces at shops.
You paid 3450 gold pieces to Gozag.

Inventory:

Hand Weapons
 a - the +6 long sword of Mekhlex (weapon) {flame, +Rage MR++ Int+4}
   (You took it off a centaur on level 7 of the Dungeon)

   It has been specially enchanted to burn those struck by it, causing extra
   injury to most foes and up to half again as much damage against particularly
   susceptible opponents.
   Big, fiery blades are also staple armaments of hydra-hunters.
   It affects your intelligence (+4).
   It affects your resistance to hostile enchantments.
   It lets you go berserk.
Missiles
 o - 14 throwing nets (quivered)
Armour
 k - a +2 pair of gloves (worn)
   (You found it on level 2 of the Dungeon)
 n - the +1 helmet "Jocaweg" (worn) {MP+9 Int+3}
   (You found it on level 11 of the Dungeon)

   It affects your intelligence (+3).
   It affects your magic capacity (+9).
 q - a scarf of resistance (worn)
   (You found it on level 5 of the Dungeon)
 s - a +2 robe of magic resistance (worn)
   (You took it off Erica on level 8 of the Dungeon)
 C - a +2 pair of boots (worn)
   (You found it on level 5 of the Lair of Beasts)
Jewellery
 g - a ring of magical power (right hand)
   (You found it on level 9 of the Dungeon)
 i - a ring of fire (left hand)
   (You found it on level 2 of the Dungeon)
 F - the amulet of Agript (around neck) {RegenMP rF+ Str+2}
   (You bought it in a shop on level 12 of the Dungeon)

   [amulet of magic regeneration]

   It increases your magic regeneration.
   It affects your strength (+2).
   It protects you from fire.
 H - the amulet of Vitality {Regen+ HP+15}
   (You found it on level 12 of the Dungeon)

   [amulet of regeneration]

   It affects your health (+15).
   It increases your rate of regeneration.
Wands
 c - a wand of disintegration (26)
   (You found it on level 9 of the Dungeon)
 d - a wand of iceblast (7)
   (You found it on level 14 of the Dungeon)
 e - a wand of polymorph (23)
   (You found it on level 11 of the Dungeon)
 t - a wand of flame (24)
   (You found it on level 4 of the Dungeon)
 u - a wand of paralysis (13)
   (You found it on level 4 of the Lair of Beasts)
 v - a wand of digging (9)
   (You found it on level 6 of the Lair of Beasts)
 x - a wand of acid (4)
   (You found it on level 10 of the Dungeon)
 G - a wand of scattershot (8)
   (You took it off a yaktaur on level 12 of the Dungeon)
Scrolls
 b - a scroll of summoning
 f - 4 scrolls of amnesia
 h - 6 scrolls of magic mapping
 j - 8 scrolls of fog
 l - 7 scrolls of remove curse
 m - a scroll of fear
 p - 3 scrolls of enchant armour
 r - 6 scrolls of immolation
 w - 13 scrolls of teleportation
 y - a scroll of brand weapon
 z - 3 scrolls of blinking
 A - 6 scrolls of enchant weapon
 B - a scroll of silence
 D - 6 scrolls of identify
Miscellaneous
 E - a lightning rod (4/4)
   (You found it in a bailey)


   Skills:
 + Level 11.8 Fighting
 - Level 1.5 Dodging
 - Level 1.5 Stealth
 + Level 16.3 Spellcasting
 + Level 13.8 Conjurations
 * Level 14.0 Fire Magic


You had 23 spell levels left.
You knew the following spells:

 Your Spells              Type           Power        Failure   Level  Hunger
a - Flame Tongue          Conj/Fire      #####        0%          1    N/A
c - Conjure Flame         Conj/Fire      ########     0%          3    N/A
p - Apportation           Tloc           #####.       1%          1    N/A
q - Sticky Flame          Conj/Fire      ########     1%          4    N/A
w - Blink                 Tloc           N/A          1%          2    N/A
x - Ignition              Fire           ########..   4%          8    N/A
z - Fireball              Conj/Fire      ########..   1%          5    N/A

Your spell library contained the following spells:

 Spells                   Type           Power        Failure   Level  Hunger
 Magic Dart               Conj           ####         0%          1    N/A
 Throw Flame              Conj/Fire      ######       0%          2    N/A
 Animate Skeleton         Necr           N/A          1%          1    N/A
 Confusing Touch          Hex            #####.       1%          1    N/A
 Corona                   Hex            #####..      1%          1    N/A
 Pain                     Necr           ####         1%          1    N/A
 Sandblast                Erth           #####.       1%          1    N/A
 Summon Small Mammal      Summ           ####         1%          1    N/A
 Call Imp                 Summ           #####...     1%          2    N/A
 Passwall                 Tmut/Erth      #####...     1%          2    N/A
 Poisonous Vapours        Pois/Air       #####.       1%          2    N/A
 Slow                     Hex            #####...     1%          2    N/A
 Inner Flame              Hex/Fire       #######.     1%          3    N/A
 Mephitic Cloud           Conj/Pois/Air  ######..     1%          3    N/A
 Portal Projectile        Hex/Tloc       #####.       1%          3    N/A
 Static Discharge         Conj/Air       ######..     1%          3    N/A
 Stone Arrow              Conj/Erth      ######       1%          3    N/A
 Vampiric Draining        Necr           ######....   1%          3    N/A
 Animate Dead             Necr           N/A          1%          4    N/A
 Cause Fear               Hex            #####.....   1%          4    N/A
 Leda's Liquefaction      Hex/Erth       #####.....   1%          4    N/A
 Petrify                  Tmut/Erth      #####...     1%          4    N/A
 Lightning Bolt           Conj/Air       ######....   1%          5    N/A
 Bolt of Cold             Conj/Ice       ######....   1%          6    N/A
 Freezing Cloud           Conj/Ice/Air   ######....   4%          6    N/A
 Lee's Rapid Deconstruct  Erth           #####.....   5%          5    N/A
 Metabolic Englaciation   Hex/Ice        #####.....   5%          5    N/A
 Ring of Flames           Chrm/Fire      #######...   9%          7    N/A
 Ozocubu's Refrigeration  Ice            #####.....   24%         6    N/A
 Simulacrum               Ice/Necr       ######....   24%         6    N/A
 Shatter                  Erth           #####.....   100%        9    N/A
 Tornado                  Air            #####.....   100%        9    N/A
 Regeneration             Chrm/Necr      Unusable     N/A         3    N/A
 Ice Form                 Ice/Tmut       Unusable     N/A         4    N/A

Dungeon Overview and Level Annotations

Branches:
Dungeon (15/15)            Temple (1/1) D:7            Lair (6/6) D:10
 Shoals (0/4) Lair:4       Spider (1/4) Lair:3        Slime (0/5) Lair:5
    Orc (2/2) D:12            Elf (0/3) Orc:2        Vaults (0/5) D:13
 Depths (0/5) D:15        Ossuary (visited)          Bailey (visited)

Altars:
Ashenzari
Cheibriados
Dithmenos
Elyvilon
Fedhas
Gozag
Hepliaklqana
Kikubaaqudgha
Makhleb
Nemelex Xobeh
Okawaru
Qazlal
Ru
Sif Muna
Trog
Uskayaw
Vehumet
Wu Jian
Xom
Yredelemnul
Zin
The Shining One
Beogh
Jiyva

Shops:
D:7 %   D:8 [   D:12 =   D:15 ::*   Orc:2 (??(%

Portals:
Trove: D:11 (give +3 gold dragon scales)


Innate Abilities, Weirdness & Mutations

You do not eat or drink.
Your flesh is vulnerable to fire.
You are immune to poison.
Your flesh is cold resistant. (rC+)
You are immune to negative energy. (rN+++)
You are immune to unholy pain and torment.
You can survive without breathing.
You are in touch with the powers of death.


Message History

This branch contains the gossamer rune of Zot.
The wolf spider hits you. The wolf spider bites you.
A redback comes into view.
The wolf spider hits you. The wolf spider bites you. The wolf spider hits you!!
The wolf spider closely misses you.
The redback moves out of view.
There is a crawl-hole back to the Lair here.
Aim: a wolf spider You feel a surge of power!
The sticky flame hits the wolf spider!!
The wolf spider is covered in liquid flames!
The wolf spider burns!
The wolf spider hits you! The wolf spider bites you.
Aim: a wolf spider (heavily wounded, covered in liquid flames)
You feel a surge of power! That beam is likely to hit you.
Continue anyway?
Okay, then.
You feel a surge of power!
The fireball explodes!
The fireball engulfs the wolf spider!!
You kill the wolf spider!
You hear an angry hiss.
You hear a hideous shriek!
A spark wasp comes into view.
The spark wasp buzzes angrily.
You hear an angry hiss. x2
The spark wasp bursts into living lightning!
The living lightning hits you!
The spark wasp blinks! x2
A demonic crawler comes into view.
The spark wasp barely misses you.
You riposte.
The demonic crawler gives a hideous shriek!
You hit the spark wasp but do no damage.
The demonic crawler becomes distracted by the nearby gold, dreaming of imaginary riches.
The spark wasp stings you!
* * * LOW HITPOINT WARNING * * *
The spark wasp shocks you!
* * * LOW HITPOINT WARNING * * *
You climb upwards.
Welcome back to the Lair of Beasts!
There is a hole to the Spider Nest here.
Unknown command.
Aim: a spark wasp (chance to defeat MR: 28%)
The spark wasp easily resists.
The spark wasp stings you!!
* * * LOW HITPOINT WARNING * * *
The spark wasp shocks you!
* * * LOW HITPOINT WARNING * * *
The spark wasp barely misses you.
You riposte.
You slash the spark wasp!
You burn the spark wasp. [a] - 145 gold - heal wounds [b] - 494 gold - haste, heal wounds and brilliance [c] - 105 gold - heal wounds Purchase which effect?
You feel yourself speed up.
You feel much better.
You feel clever all of a sudden. The spark wasp stings you!!
You die...
Your body crumbles into a pile of gold.

### #.### #.#.##
######....# #.##......#
###...##≈≈≈#
#...####...####
##..####..@..#.# #
###...###.#.y.#.## #
#....###.#.#^###.# # #
#....# ##.###^#### # #
#.##.###.###.###.# #
#####.#P..###.#.#.#.##
.........###.###.###.##
### .........#
##.#...#.#.###.## #
.........#
#.#^....#####.#.######


You could see a spark wasp.

Vanquished Creatures
  Rupert (D:14)
  Agnes (D:14)
  Kirke (D:14)
  Nessos (D:15)
  Erolcha (D:9)
  Fannar (Orc:1)
  A yaktaur captain (D:15)
  8 vault guards (D:13)
  2 ogre magi (Orc:2)
  9 hydras
  Erica (D:8)
  3 catoblepae (Lair:6)
  12 two-headed ogres
  7 centaur warriors
  7 death yaks (Lair:6)
  Sonja (D:13)
  3 deep trolls
  4 skeletal warriors (D:15)
  4 unseen horrors
  An orb spider (Spider:1)
  4 deep elf magi
  4 wolf spiders
  3 orc knights
  5 oklob plants (Lair:1)
  7 cyclopes
  3 orc sorcerers
  3 ugly things
  6 manticores
  4 elephants (Lair:4)
  A merfolk siren (Lair:4)
  A torpor snail (Lair:3)
  A gargoyle (D:13)
  2 black mambas
  3 centaur skeletons
  A rime drake (Lair:4)
  17 spiny frogs
  7 komodo dragons
  2 kobold demonologists (D:12)
  A redback zombie (D:12)
  3 yaktaurs
  A freezing wraith (D:14)
  A demonic crawler (Lair:3)
  2 polar bears
  A tengu conjurer (D:15)
  18 trolls
  12 blink frogs
  7 jumping spiders
  4 merfolk
  2 hornets
  4 slime creatures (D:12)
  A meliai zombie (D:15)
  10 hippogriffs
  A blink frog (shapeshifter) (D:12)
  12 dream sheep
  7 redbacks
  4 tarantellas (Spider:1)
  2 shadows
  A vampire (D:14)
  4 hogs (D:14)
  66 yaks
  Eustachio (D:5)
  4 wyverns
  A yak (shapeshifter) (D:15)
  A wraith (D:12)
  4 basilisks
  2 hungry ghosts
  2 vampire mosquitoes (D:12)
  4 wargs
  A soldier ant (D:14)
  Duvessa (D:6)
  8 water moccasins
  7 porcupines
  16 orc warriors
  5 ice beasts
  7 sky beasts
  2 hornet zombies (D:15)
  5 phantoms
  2 black bears (D:12)
  25 ogres
  An eye of draining (D:11)
  11 centaurs
  15 wolves
  15 crocodiles
  Blork the orc (D:4)
  3 big kobolds
  28 bullfrogs
  8 gnoll sergeants (Bailey)
  Dowan (D:6)
  A water moccasin zombie (D:5)
  3 wyvern skeletons
  4 wyvern zombies
  A water moccasin skeleton (D:7)
  15 killer bees
  4 scorpions
  16 wights
  5 electric eels
  7 centaur zombies
  4 crimson imps
  A bullfrog zombie (D:6)
  14 hounds
  17 orc wizards
  A quasit (D:12)
  14 orc priests
  A bullfrog skeleton (D:6)
  6 gnoll shamans (Bailey)
  4 jellies
  Jessica (D:3)
  Natasha (thrice) (D:3)
  7 iguanas
  13 worker ants
  A killer bee zombie (D:8)
  2 ogre zombies (Ossuary)
  A hound skeleton (D:10)
  A worker ant zombie (D:9)
  7 mummies (Ossuary)
  14 gnolls (Bailey)
  16 adders
  4 shadow imps
  3 oozes
  5 adder zombies
  2 worms
  3 dart slugs
  4 leopard geckos
  62 orcs
  8 giant cockroaches
  2 gnoll zombies (Ossuary)
  4 hobgoblins
  9 jackals
  14 kobolds
  6 quokkas
  2 ball pythons
  34 bats
  6 frilled lizards
  9 goblins
  5 goblin zombies (Ossuary)
  5 hobgoblin zombies (Ossuary)
  4 kobold zombies (Ossuary)
  A leopard gecko zombie (D:5)
  An orc zombie (Ossuary)
  3 quokka zombies
  9 rats
  2 rat zombies (Ossuary)
  A bush (Lair:6)
  A fungus (Lair:6)
  5 plants
886 creatures vanquished.

Vanquished Creatures (others)
  A human (D:14)
  A bush (Lair:6)
  10 fungi
  10 plants
22 creatures vanquished.

Grand Total: 908 creatures vanquished

Notes
Turn   | Place    | Note
-------+----------+-------------------------------------------
     0 | D:1      | vurker the Mummy Fire Elementalist began the quest for the
                  | Orb.
     0 | D:1      | Reached XP level 1. HP: 13/13 MP: 4/4
   266 | D:1      | Reached skill level 1 in Conjurations
   354 | D:1      | Reached skill level 3 in Spellcasting
   354 | D:1      | Reached XP level 2. HP: 19/19 MP: 3/6
  1111 | D:2      | Reached XP level 3. HP: 25/25 MP: 2/7
  1565 | D:2      | Found a shadowy altar of Dithmenos.
  1569 | D:2      | Reached skill level 1 in Fighting
  1821 | D:2      | Found a sparkling altar of Nemelex Xobeh.
  1841 | D:2      | Found a bloodstained altar of Trog.
  1870 | D:2      | Found a radiant altar of Vehumet.
  2346 | D:3      | Reached XP level 4. HP: 27/32 MP: 0/9
  2484 | D:3      | Noticed Natasha
  2493 | D:3      | Killed Natasha
  2580 | D:3      | Reached skill level 4 in Spellcasting
  2808 | D:3      | You fall into a shaft and drop 1 floor!
  2877 | D:4      | Found a sand-covered staircase.
  2883 | D:4      | Noticed Blork the orc
  2886 | Ossuary  | Entered an ossuary
  2958 | Ossuary  | Reached XP level 5. HP: 37/37 MP: 4/11
  3598 | Ossuary  | Reached XP level 6. HP: 38/44 MP: 7/13
  3929 | Ossuary  | Reached skill level 5 in Spellcasting
  4111 | Ossuary  | Learned a level 4 spell: Sticky Flame
  4115 | Ossuary  | Learned a level 3 spell: Conjure Flame
  4121 | Ossuary  | Learned a level 5 spell: Fireball
  4140 | D:4      | Killed Blork the orc
  4377 | D:3      | Found a faded altar of an unknown god.
  4381 | D:3      | Noticed Natasha
  4387 | D:3      | Killed Natasha
  4387 | D:3      | Reached XP level 7. HP: 45/51 MP: 8/15
  4489 | D:3      | Noticed Natasha
  4493 | D:3      | Killed Natasha
  4517 | D:3      | Noticed Jessica
  4519 | D:3      | Killed Jessica
  5860 | D:4      | Reached skill level 6 in Spellcasting
  6506 | D:5      | Entered Level 5 of the Dungeon
  6553 | D:5      | Reached XP level 8. HP: 49/58 MP: 9/17
  6798 | D:5      | Reached skill level 5 in Fire Magic
  6877 | D:5      | Noticed Eustachio
  6886 | D:5      | Killed Eustachio
  6886 | D:5      | Reached skill level 7 in Spellcasting
  7003 | D:5      | Found a glowing golden altar of the Shining One.
  7005 | D:5      | You fall into a shaft and drop 2 floors!
  7801 | D:6      | Reached skill level 5 in Conjurations
  7814 | D:6      | Reached skill level 8 in Spellcasting
  7928 | D:6      | Reached XP level 9. HP: 24/65 MP: 3/21
  7974 | D:6      | Noticed Duvessa
  8100 | D:6      | Noticed Dowan
  8545 | D:6      | Found a blossoming altar of Fedhas.
  8578 | D:6      | Identified the +7 rapier of the Original Sin {holy, Dex+4}
  8588 | D:6      | Killed Duvessa
  8592 | D:6      | Killed Dowan
  9141 | D:7      | Reached skill level 9 in Spellcasting
  9245 | D:7      | Identified the +6 long sword of Mekhlex {flame, +Rage MR++
                  | Int+4}
  9596 | D:7      | Found a staircase to the Ecumenical Temple.
  9609 | Temple   | Entered the Ecumenical Temple
  9699 | Temple   | Became a worshipper of Gozag Ym Sagoz the Greedy
  9944 | D:7      | Found Cobiuruy's Food Shop.
 10390 | D:8      | Found Qekuru's Antique Armour Shoppe.
 10436 | D:8      | Reached skill level 5 in Fighting
 10610 | D:8      | Noticed Erica
 10910 | D:8      | Reached XP level 10. HP: 74/74 MP: 12/23
 11062 | D:8      | Killed Erica
 11139 | D:8      | Reached skill level 10 in Spellcasting
 11221 | D:8      | Noticed a two-headed ogre
 11237 | D:8      | Killed a two-headed ogre
 11792 | D:9      | Found a burning altar of Makhleb.
 11994 | D:9      | Found a flagged portal.
 12001 | Bailey   | Entered a bailey
 12828 | Bailey   | Reached skill level 11 in Spellcasting
 13252 | D:9      | Noticed Erolcha
 13276 | D:9      | Killed Erolcha
 13276 | D:9      | Reached XP level 11. HP: 73/81 MP: 3/26
 13790 | D:9      | You fall into a shaft and drop 1 floor!
 13790 | D:10     | Entered Level 10 of the Dungeon
 13790 | D:10     | Noticed a two-headed ogre
 14693 | D:10     | Killed a two-headed ogre
 14975 | D:10     | Found a staircase to the Lair.
 15331 | D:11     | Reached skill level 12 in Spellcasting
 15799 | D:11     | Noticed an unseen horror
 15802 | D:11     | Killed an unseen horror
 15882 | D:11     | Got a twisted helmet
 15896 | D:11     | Identified the +1 helmet "Jocaweg" {MP+9 Int+3} (You found
                  | it on level 11 of the Dungeon)
 16471 | D:11     | Found a portal to a secret trove of treasure.
 16489 | D:11     | Noticed a cyan ugly thing
 16497 | D:11     | Killed a cyan ugly thing
 17222 | Lair:1   | Entered Level 1 of the Lair of Beasts
 17598 | Lair:1   | Reached XP level 12. HP: 91/91 MP: 28/28
 18129 | Lair:1   | Reached skill level 13 in Spellcasting
 19553 | Lair:1   | Learned a level 1 spell: Apportation
 19558 | Lair:1   | Learned a level 2 spell: Blink
 19605 | Lair:2   | Reached skill level 10 in Fire Magic
 20172 | Lair:2   | Noticed a seven-headed hydra
 20179 | Lair:2   | Killed a seven-headed hydra
 20600 | Lair:2   | Reached skill level 10 in Conjurations
 21443 | Lair:3   | Got an encrusted leather armour
 21500 | Lair:3   | Identified the +1 leather armour of Good Intentions {*Drain
                  | rElec MP+9 Dex+3} (You found it on level 3 of the Lair of
                  | Beasts)
 21539 | Lair:3   | Gained mutation: You are in touch with the powers of death.
                  | [Mummy growth]
 21539 | Lair:3   | Reached XP level 13. HP: 99/99 MP: 30/30
 21932 | Lair:3   | Found a hole to the Spider Nest.
 23185 | Lair:4   | Reached skill level 14 in Spellcasting
 24025 | Lair:4   | Found a staircase to the Shoals.
 25716 | Lair:5   | Found a viscous altar of Jiyva.
 25717 | Lair:5   | Found a staircase to the Slime Pits.
 25752 | Lair:5   | Found a hazy altar of Hepliaklqana.
 26694 | Lair:6   | Entered Level 6 of the Lair of Beasts
 27008 | Lair:6   | Reached XP level 14. HP: 69/108 MP: 32/32
 28410 | Lair:6   | Reached skill level 10 in Fighting
 29349 | D:12     | Found a staircase to the Orcish Mines.
 29452 | D:12     | Found Zoenif's Jewellery Shop.
 29558 | D:12     | Bought the amulet of Agript {RegenMP rF+ Str+2} for 626
                  | gold pieces
 29953 | D:12     | Reached skill level 15 in Spellcasting
 30974 | D:12     | Found the amulet of Vitality {Regen+ HP+15}
 31666 | Orc:1    | Entered Level 1 of the Orcish Mines
 32042 | Orc:2    | Entered Level 2 of the Orcish Mines
 32482 | Orc:2    | Found Ekhliaxau's Antique Weapon Shop.
 33333 | Orc:1    | Noticed Fannar
 33336 | Orc:1    | Killed Fannar
 33336 | Orc:1    | Reached XP level 15. HP: 117/117 MP: 34/34
 34095 | Orc:2    | Found Fasim's Magic Scroll Shoppe.
 34096 | Orc:2    | Found Neraunn's Magic Scroll Emporium.
 34128 | Orc:2    | Found Ruploip's Antique Weapon Shop.
 34148 | Orc:2    | Found Ydduuzis's Food Emporium.
 34204 | Orc:2    | Found a staircase to the Elven Halls.
 34207 | Orc:2    | Found a roughly hewn altar of Beogh.
 34647 | Orc:2    | Bought a scroll of fog for 34 gold pieces
 34647 | Orc:2    | Bought a scroll of immolation for 59 gold pieces
 34647 | Orc:2    | Bought a scroll of teleportation for 51 gold pieces
 34647 | Orc:2    | Bought a scroll of magic mapping for 59 gold pieces
 34647 | Orc:2    | Bought a scroll of blinking for 127 gold pieces
 34647 | Orc:2    | Bought a scroll of summoning for 161 gold pieces
 34647 | Orc:2    | Bought a scroll of immolation for 59 gold pieces
 34652 | Orc:2    | Bought a scroll of blinking for 112 gold pieces
 35606 | D:13     | Found a gate to the Vaults.
 35995 | D:13     | Noticed Sonja
 36000 | D:13     | Killed Sonja
 36596 | D:14     | Noticed Agnes
 37181 | D:14     | Noticed Kirke
 37188 | D:14     | Killed Kirke
 37253 | D:14     | Killed Agnes
 37487 | D:14     | Noticed Rupert
 37498 | D:14     | Killed Rupert
 37498 | D:14     | Reached skill level 16 in Spellcasting
 38252 | D:15     | Entered Level 15 of the Dungeon
 38263 | D:15     | Reached XP level 16. HP: 97/126 MP: 9/36
 38793 | D:15     | Found a staircase to the Depths.
 39337 | D:15     | Noticed Nessos
 39340 | D:15     | Killed Nessos
 39987 | D:15     | Identified a scroll of acquirement
 40011 | D:15     | Bought a pair of runed gloves for 135 gold pieces
 40011 | D:15     | Bought a scroll of teleportation for 54 gold pieces
 40037 | D:15     | Bought a book of the Tempests for 980 gold pieces
 40046 | D:15     | Learned a level 8 spell: Ignition
 40336 | Spider:1 | Entered Level 1 of the Spider Nest
 40610 | Lair:3   | HP: 4/127 [spark wasp (15)]
 40611 | Lair:3   | Slain by a spark wasp

Levels and vault maps discovered:
D:1:      elethiomel_arrival_infinity_welcomes_careful_drivers, layout_rooms
D:2:      minmay_general_purpose_star, layout_basic, lemuel_doored_altar,
          grunt_temple_overflow_open, nicolae_dithmenos_shadow_blocks
D:3:      minmay_wonky_spiral, layout_loops_corners, first_ration,
          chequers_ecumenical_altar_twisty, nrook_campfire,
          kennysheep_generic_room_3, uniq_jessica, uniq_natasha
D:4:      layout_loops_corners, lightli_ossuary_entry_decrepit_ruins,
          kennysheep_big_empty_room, uniq_blork_the_orc
D:5:      layout_rooms, tso_metal_star, uniq_eustachio
D:6:      layout_rooms, marbit_many_paths, gup_sewer_entry_glass, uniq_duvessa
D:7:      layout_basic, minmay_temple_entry_butterflies, serial_shops,
          kennysheep_mini_moat
D:8:      layout_basic, serial_shops, nicolae_shop_stone, uniq_erica
D:9:      layout_long_grid, enter_bailey_2, hangedman_fish_farm,
          lemuel_altar_in_water, uniq_erolcha
D:10:     layout_rooms, erik_lair_island
D:11:     layout_basic, nicolae_trove_entry_crossroad,
          chequers_serial_rivers_room_a
D:12:     minmay_imperfect_grid, layout_small_grid, serial_rivers,
          chequers_serial_rivers_small_3, chequers_serial_rivers_small_a,
          chequers_serial_rivers_room_b, chequers_serial_rivers_room_a,
          chequers_serial_rivers_marsh, chequers_serial_rivers_room_b,
          serial_shops, nicolae_shop_trees
D:13:     layout_irregular_city, erik_vaults_2, uniq_sonja
D:14:     layout_basic, minmay_splitting_lines, grunt_tough_drop, uniq_rupert,
          uniq_kirke, uniq_agnes
D:15:     grunt_enter_depths_snipers, layout_rooms, minivault_24,
          wad_rectangle_vault, uniq_nessos
Temple:   lightli_temple_of_artemis
Lair:1:   dpeg_oklob_gauntlet, layout_chaotic_city, beast_lair_carwin_10,
          minmay_lair_oklob_chamber
Lair:2:   layout_loops_ring, beast_lair_carwin_8
Lair:3:   layout_gridlike, nicolae_spider_entry_tight_spaces
Lair:4:   layout_regular_city, elwin_shoals_entry_stream, disabler_island
Lair:5:   layout_roguey, slime_altar_1, basic_altar, lemuel_another_geyser,
          infiniplex_staircase_pool_2
Lair:6:   evilmike_catoblepas_cave, layout_small_grid,
          chequers_serial_rivers_micro_b
Spider:1: layout_spider_delve
Orc:1:    layout_diamond_mine, mines_bat_river, uniq_fannar
Orc:2:    st_orc_open, layout_caves, nicolae_volcano_entry_two_sided,
          serial_shops, nicolae_shop_window_shopping, basic_altar

Skill      XL: |  1  2  3  4  5  6  7  8  9 10 11 12 13 14 15 16 |
---------------+-------------------------------------------------+-----
Conjurations   | 1 2 3 4 5 6 7 8 10 11 12 13 | 13.8
Spellcasting   | 3 4 5 6 8 9 11 12 13 14 15 16 | 16.3
Fighting       | 1 2 3 4 5 6 7 8 9 10 11 | 11.8
Fire Magic     | 3 4 5 6 8 9 10 11 12 13 14 | 14.0
Dodging        | |  1.5
Stealth        | |  1.5

Action                   |  1- 3 |  4- 6 |  7- 9 | 10-12 | 13-15 | 16-18 || total
-------------------------+-------+-------+-------+-------+-------+-------++-------
Melee: Unarmed           |     7 |       |       |       |       |       ||     7
       Dagger            |       |     9 |    35 |       |       |       ||    44
       Long sword        |       |       |     3 |    28 |     8 |       ||    39
       Staff             |       |       |       |       |     1 |       ||     1
 Cast: Flame Tongue      |    69 |   164 |   389 |   543 |   334 |     5 ||  1504
       Sticky Flame      |       |       |    13 |    90 |   132 |    15 ||   250
       Fireball          |       |       |     3 |    49 |   393 |    70 ||   515
       Conjure Flame     |       |       |     1 |    22 |    53 |     3 ||    79
       Blink             |       |       |       |     1 |     8 |     1 ||    10
Invok: Potion Petition   |       |       |       |     1 |     1 |     2 ||     4
       Call Merchant     |       |       |       |       |       |     3 ||     3
Evoke: Wand              |       |       |     4 |     4 |     3 |     1 ||    12
       Lightning rod     |       |       |       |       |     2 |       ||     2
  Use: Scroll            |       |     4 |     6 |    11 |     3 |     6 ||    30
Armor: Robe              |     4 |    11 |    33 |    49 |    88 |    11 ||   196
Dodge: Dodged            |    26 |    49 |   122 |   170 |   162 |    28 ||   557
       Rpst.: Long sword |       |       |     5 |    31 |     7 |     4 ||    47

Table legend:
 A = Non-vault XP
 B = Vault XP
 C = Vault XP percentage of total XP
 D = Non-vault monster count
 E = Vault monster count
 F = Vault count percentage of total count
                 A         B        C        D         E       F
            +---------+---------+-------+---------+---------+-------
      Total |   96216 |   77408 |  44.6 |     596 |     283 |  32.2
            +---------+---------+-------+---------+---------+-------
        D:1 |      20 |       0 |   0.0 |      12 |       0 |   0.0
        D:2 |      54 |      14 |  20.6 |      18 |       2 |  10.0
        D:3 |     233 |      73 |  23.9 |      41 |       3 |   6.8
        D:4 |     525 |     100 |  16.0 |      26 |       1 |   3.7
        D:5 |     622 |     203 |  24.6 |      23 |       1 |   4.2
        D:6 |    1224 |     278 |  18.5 |      24 |       8 |  25.0
        D:7 |     928 |       0 |   0.0 |      22 |       0 |   0.0
        D:8 |    2505 |     950 |  27.5 |      25 |       1 |   3.8
        D:9 |    1971 |    1350 |  40.7 |      22 |       2 |   8.3
       D:10 |    3534 |     798 |  18.4 |      20 |       9 |  31.0
       D:11 |    4573 |       0 |   0.0 |      34 |       0 |   0.0
       D:12 |    8085 |    7249 |  47.3 |      43 |      26 |  37.7
       D:13 |    5816 |    8773 |  60.1 |      17 |       9 |  34.6
       D:14 |    5689 |   11063 |  66.0 |      24 |      13 |  35.1
       D:15 |   12376 |    5469 |  30.6 |      31 |      10 |  24.4
     Lair:1 |    2930 |    5476 |  65.1 |      17 |      17 |  50.0
     Lair:2 |    4550 |     934 |  17.0 |      20 |       7 |  25.9
     Lair:3 |    6628 |    2446 |  27.0 |      32 |       9 |  22.0
     Lair:4 |    7117 |    1733 |  19.6 |      25 |       8 |  24.2
     Lair:5 |    6740 |       0 |   0.0 |      20 |       0 |   0.0
     Lair:6 |    9380 |   12179 |  56.5 |      31 |      23 |  42.6
   Spider:1 |    3849 |       0 |   0.0 |      13 |       0 |   0.0
      Orc:1 |    4050 |    1089 |  21.2 |      35 |      30 |  46.2
      Orc:2 |    2817 |   15659 |  84.8 |      21 |      37 |  63.8
    Ossuary |       0 |     368 | 100.0 |       0 |      37 | 100.0
     Bailey |       0 |    1204 | 100.0 |       0 |      30 | 100.0
            +---------+---------+-------+---------+---------+-------
